[Event "Champions Chess Tour Aimchess U.S. Rapi"]
[Site "Online"]
[Date "2021.09.03"]
[Round "1"]
[White "Aronian, Levon"]
[Black "Carlsen, Magnus"]
[Result "0-1"]
[WhiteElo "2761"]
[BlackElo "2881"]
[ECO "C88"]
[EventDate "2021.??.??"]
[Annotator "yermo"]
[PlyCount "88"]
[Beauty "7357815849510"]
[EventType "rapid"]
[TimeControl "900+10"]

1.e4 {These days Levon Aronian plays as much 1.e4, as his usual closed openings, at least in online games.} 1...e5 2.Nf3 Nc6 3.Bb5 a6 4.Ba4 Nf6 5.O-O Be7 6.Re1 b5 7.Bb3 O-O 8.a4 {One of the ways of sidestepping the Marshall Attack.} 8...Bb7 ( {Aronian himself prefers} 8...b4 {and after} 9.d4 d6 10.dxe5 {he played both} 10...dxe5 ( {and} 10...Nxe5 ) ) 9.d3 {White is trying to keep Black's Bb7 bottled in.} ( {In case of} 9.c3 d5 $1 {is even stronger.} ) 9...Re8 $5 {A clever move order.} ( {Carlsen experimented with} 9...d5 10.exd5 Nxd5 {against Caruana at Norway Chess 2017, but this line doesn't have good reputation. Robson-Durarbayli, Ulaanbaatar 2018, proved White's advantage after} 11.axb5 axb5 12.Rxa8 Bxa8 13.Nxe5 Nd4 14.Nd2 Bd6 15.c3 Nxb3 16.Nxb3 Re8 17.d4 Nf6 18.Bg5 ) ( {Much more reliable is} 9...d6 {Among many games I can mention the recent encounter Bacrot-Carlsen, World Cup 2021 that saw} 10.Bd2 Qd7 11.Nc3 Na5 12.Ba2 c5 13.Ne2 Nc6 14.Ng3 d5 $1 15.exd5 Nxd5 {Black has already equalized thanks to a little detail,} 16.Nxe5 Nxe5 17.Rxe5 {is met with} 17...Bf6 {winning the b2-pawn. All in all, I'm rather sceptical about the entire Bd2 concept.} ) 10.Bd2 {OK, we'll find out now.} ( {Against Grischuk, Chess.com Speed Chess 2017, Carlsen reacted to} 10.c3 h6 11.Ba2 {with the surprising} 11...b4 12.Nbd2 Bc5 $5 {taking the game into the Arkhangelsk variation, never mind the extra bishop move. My guess is that the modern treatment of the Ruy Lopez allows for a great degree of creativity from both sides.} ) 10...b4 $5 {Black insists on his Na5 idea.} 11.Bg5 ( {In light of the above comment} 11.a5 {makes sense, but then Black can try} 11...d5 $5 12.exd5 Nxd5 {The Marshall again, and what is White going to do about his Nb1?} ) 11...Na5 $1 12.Ba2 {Of course, the bishop has to be preserved.} ( {Black is perfectly happy with} 12.Nxe5 Nxb3 13.cxb3 h6 14.Be3 d5 $1 ) 12...h6 13.Bh4 d6 14.Nbd2 c5 15.Bxf6 $6 {A radical solution to the bishop problem from Aronian. He wanted to develop his play on the light squares, and figured that getting rid of the black knight would be in line with that.} ( {A different scenario can be offered by} 15.h3 g6 16.Nh2 Kg7 17.Nhf1 Nh5 18.Bxe7 Qxe7 19.Ne3 Nf4 {but in this case Black's minor pieces seem to be sufficiently well-placed to meet White's plans.} ) 15...Bxf6 16.Nc4 Nxc4 17.Bxc4 a5 18.g3 ( {A logical continuation of White's precious play would have been} 18.c3 g6 19.Qb3 Re7 20.Bd5 Rb8 21.Bxb7 Rexb7 22.Qd5 {but placing the queen on d5 is not the optimal use of that square. In similar situations from the Najdorf Sicilian Black holds his own by making sure that White's Nf3 doesn't get to improve its position. Here it's accomplished by} 22...bxc3 23.bxc3 Rb2 ) 18...g6 19.h4 $6 {I don't see any sense in pushing the h-pawn forward, because Black is the only one here with kingside prospects.} 19...h5 20.Nd2 Bg7 21.Nf1 ( 21.Bd5 $2 Bxd5 22.exd5 f5 23.Nc4 Rf8 {illustrates the point well. After Ra7-f7 Black will push his f-pawn forward, and the beautifully placed white knight won't be able to help its monarch.} ) 21...Bh6 22.Qf3 Rf8 23.Ne3 Ra7 24.Nd5 ( 24.Bd5 Bc8 25.Nc4 Kg7 {is the same scenario - Black has f7-f5 prepared, while White isn't doing anything in particular.} ) 24...Kg7 25.Rf1 f5 $1 26.exf5 Rxf5 27.Qe2 ( {The only way to support Nd5 was} 27.Qe4 {but White would remain under the pin, and therefore unable to start his counterplay in the center, as seen from} 27...Bc6 28.c3 Raf7 29.d4 exd4 30.cxd4 Qa8 $19 ) 27...Bc6 $1 {Unlike his opponent's Carlsen's play is purposeful and strong.} 28.Rae1 Qa8 29.Ne3 $2 ( 29.Qe4 Raf7 30.f3 g5 $1 {with strong attack in the making.} ) 29...Bf3 30.Qd2 d5 {White might have as well resigned here.} 31.Ba2 Rf8 32.c3 d4 33.cxd4 exd4 34.Qc2 dxe3 35.fxe3 Rc7 36.Qc4 Bg4 37.Rxf8 Qxf8 38.d4 Kh7 39.e4 Bg7 40.Rf1 Bxd4+ 41.Kg2 Qc8 42.Rf7+ Rxf7 43.Qxf7+ Bg7 44.e5 Qf5 0-1

[Event "E Candidates Chess Tournament 2022"]
[Site "Chess.com"]
[Date "2022.06.17"]
[Round "1"]
[White "Ding, Liren"]
[Black "Nepomniachtchi, Ian"]
[Result "0-1"]
[WhiteElo "2806"]
[BlackElo "2766"]
[ECO "A20"]
[EventDate "2022.??.??"]
[Annotator "samsh"]
[PlyCount "70"]
[Beauty "7973472588371"]
[EventType "schev"]
[EventRounds "4"]
[EventCountry "FID"]
[TimeControl "5400+30"]

{Greetings, everyone! This is Sam Shankland, and I will be annotating one game of each round of this Candidates Tournament. I've enjoyed working with Chess.com on annotated games in the past and look forward to showing some exciting chess! One thing I like about the Candidates is that the standard winner-takes-all element of the tournament provokes the players into playing a bit more combatively than you might see in other events. In round one, the most exciting game was between Ding Liren and Ian Nepomniatchtchi. The game itself was a serious deja vu to last year's candidates—Ding, who in my opinion was the pre-tournament favorite both times, went down hard with the white pieces in the English, and Nepo started with a win with Black against the same English.} 
1.c4 e5 2.g3 c6 3.Nf3 e4 4.Nd4 d5 5.cxd5 Qxd5 6.Nc2 Nf6 7.Nc3 Qe5 8.Bg2 Na6 9.O-O Be7 10.Ne3 {Up to here, everything has been pretty well-known theory. Now, while Ian's next move is very natural, I think it is not best.} 10...O-O ( 10...h5 $5 {I remembered looking at this position in some detail and deciding that Black had enough counterplay after h5. The position is very messy, but Black gets some attacking chances.} ) 11.a3 $1 {Simple, but strong. White plans b4, Bb2, and once Black's queen is destabilized, the e4-pawn can become a target.} 11...Re8 ( 11...Nc7 {I doubt Nepo regrets much about this game in hindsight, but it was probably better to regroup the knight directly and remain flexible with the rook.} ) 12.b4 Ng4 {Black is playing very energetic chess, but at some point, bluffs need to be called.} 13.Bb2 ( 13.Nxg4 $5 Bxg4 14.Bxe4 {I'm really not sure what Ding could have missed here. This is not the cleanest extra pawn in history and Black has some counterplay in the center, but there is nothing direct and I think the pawn could have been taken.} ) ( 13.Bxe4 {The computer's top choice is also pretty convincing. I don't think Black has nearly enough for a pawn.} ) 13...Qh5 14.h4 $6 {This seems to be asking for trouble.} ( 14.Nxg4 Bxg4 15.Bxe4 {I really don't get why White doesn't go take this pawn. Black has some compensation, but in the game, he got the compensation without the pawn less!} ) 14...Bf6 15.Qc2 Nxe3 16.dxe3 Bf5 {The machine still likes White's position here, provided he plays a couple of good moves. But, I really dislike the way the last few moves have gone for him. Now the e4-pawn will survive. As such, Black's kingside attack is much scarier and White's g2-bishop is stuck out of play.} 17.Na4 $2 {I did not love Ding's earlier decisions, but this was somewhat a matter of taste. I wanted to take the pawn. But this move is just a mistake.} ( 17.b5 $1 Nc7 18.bxc6 bxc6 {According to the machine, White is still a little better here. That certainly would not be obvious to me at all at first glance and I find this much less convincing than taking the e4-pawn would have been. Had Ding blitzed out b5, bxc6, and now Na4! afterward and gone on to grind out a victory, I would think any earlier criticism would be unwarranted. But this is not what happened.} ) 17...Bxb2 ( 17...Bxh4 $5 {This looks incredibly scary.} 18.gxh4 Re6 {The computer insists every legal move here ends with 0.00. Does it look like that for White?! I'd be very worried about getting checkmated.} ) 18.Nxb2 Nc7 19.Nc4 Re6 {Now, Black has a very simple plan. Overprotect the e4-pawn to keep all of White's pieces from coming back to the kingside, and then at some moment, g5 will come and quickly end the game. White can probably hold the position together with extremely precise play, but even the world number-two was not up to the task.} 20.Rfd1 Nd5 21.Rd4 {Now, here the machines claim that ...g5 won the game. I'm sure they are right... but does it matter? Nepo played it slower, but I don't really see this as some shortcoming on his part.} 21...h6 $5 {Now, Black is ready for g5 next. If he is allowed to take on h4, the game is over. If White takes on g5, then …hxg5 will come, …Rh6 will follow, and the game is over too. My computer claims White can hold on here, and with more moves than one, but this is the kind of mistake that I think would have been completely ignored in the pre-computer era.} ( 21...g5 22.hxg5 Qxg5 {Apparently Black is mating here.} 23.Rad1 Qh5 24.Nd2 {It's easy to see this far and get spooked by Nf1 keeping it all together, though grabbing on e2 does finish the job.} 24...Qxe2 $1 {Black should win.} ) 22.Qd2 $2 {This is way too slow, and a surprising mistake from a player of Ding's caliber. You need to activate all the pieces.} ( 22.Bxe4 $2 {surely Nepo saw this does not work.} 22...Rxe4 $1 23.Rxe4 Qg6 $1 24.Nd2 Nf6 {White cannot avoid the loss of a piece, as f2-f3 is not to be recommended.} ) ( 22.Rad1 $1 {This was the move. White needs to be ready to sacrifice on d5 right away. It's desperation time, but it does seem like he is just barely hanging on. For example, after} 22...g5 23.Rxd5 $1 cxd5 24.Rxd5 gxh4 25.Nd6 $1 hxg3 26.fxg3 Rxd6 27.Rxd6 Bg6 {White is just about okay here, though, to my human eye, I'd still take Black.} ) 22...Rae8 {Black overprotects e4 hard, and now g5 is coming. White is crushed.} 23.Kh2 Bg4 24.Na5 Rf6 25.Kg1 g5 $1 {It is time.} 26.Nxb7 ( 26.b5 {This might have put up a better fight, but I can't imagine it changing the result.} 26...gxh4 27.bxc6 hxg3 28.fxg3 Qe5 29.Nc4 Qxg3 30.Qe1 Qxe1+ 31.Rxe1 bxc6 {This position is the best the machine can find for White. The ending looks more or less lost to me, but at least he is not mated right away.} ) 26...gxh4 27.Nc5 h3 $1 {Everything wins, but this was particularly elegant.} 28.Rxe4 ( 28.Bxe4 h2+ $1 29.Kg2 Qh3+ 30.Kh1 Rxf2 ) ( 28.Bh1 {Normally, this would be the saving grace, but Black's pieces are too active.} 28...h2+ 29.Kf1 Bh3+ 30.Ke1 Bg2 {Time to resign. Black had other wins, but I like this one the most, highlighting the deficiencies in White's pawn structure. His king is unable to evacuate.} ) 28...hxg2 $1 {Well calculated.} 29.Rxe8+ Kg7 30.f4 ( 30.f3 Bxf3 $1 {This line is easy, but nice all the same.} 31.exf3 Qh1+ 32.Kf2 Rxf3+ $1 33.Ke2 ( 33.Kxf3 g1=Q+ $19 ) 33...Qf1+ 34.Rxf1 gxf1=Q# ) 30...Qh1+ 31.Kf2 Qxa1 32.Kxg2 Bh3+ $1 {Ding resigned rather than face the mate that was sure to come shortly. For example, after} 33.Kxh3 Qh1+ 34.Kg4 h5+ 35.Kg5 Qh3 {White's king is done for.} 0-1

[Event "E Chess Olympiad 2022"]
[Site "Chess.com"]
[Date "2022.07.29"]
[Round "1"]
[White "Shirov, Alexei"]
[Black "Toczek, Grzegorz"]
[Result "1-0"]
[WhiteElo "2704"]
[BlackElo "2287"]
[ECO "C41"]
[EventDate "2022.??.??"]
[Annotator "rafael"]
[PlyCount "53"]
[Beauty "8251705944095"]
[EventType "team-tourn"]
[EventCountry "FID"]
[TimeControl "5400+30"]

{Shirov's games are famous for their entertainment value and this one is no different. We have a brave opening idea, a very complicated middlegame with chances for both sides, some inaccuracies, combinations, and a beautiful final touch. This legendary player never ceases to amaze us.} 
1.e4 d6 2.d4 Nf6 3.Nc3 e5 4.Nf3 Nbd7 5.g4 $5 {Shirov is fond of playing the g4-move in the opening. White can consider this idea without sacrificing the pawn, playing 5.Rg1 first.} ( 5.Bc4 {is the classical move.} ) ( 5.Rg1 $5 ) 5...Nxg4 $1 {Accepting the gift.} 6.Rg1 Ngf6 7.Bc4 {The g-file is opened and Black has to lose time before finishing the development. The position looks good for White, but it's actually not easy to break Black's defense.} 7...h6 8.dxe5 dxe5 9.Be3 c6 10.Qd3 b5 11.Bb3 ( 11.Bxf7+ $2 {This move finds a neat refutation.} 11...Kxf7 12.Nxe5+ Nxe5 $1 13.Qxd8 Nf3+ 14.Kd1 ( 14.Kf1 Bh3+ ) 14...Nxg1 {with a big advantage for Black.} ) 11...Qa5 12.O-O-O Ba6 13.Nd2 $1 {A difficult but necessary move. White defends against the …b5-b4 advance and prepares to break with f2-f4.} 13...Rd8 ( 13...O-O-O {This is an important alternative.} 14.Bxf7 Nc5 ( 14...b4 $6 15.Nb3 $1 Bxd3 16.Nxa5 Ba6 17.Nb1 {with advantage for White. Todorovic-Solak, Cetinje 2010.} ) 15.Qf1 b4 16.Ne2 Kb8 {with a roughly equal position.} ) 14.Qf1 $1 c5 $2 {A new move.} ( 14...g6 {is possible since White can't advance the f-pawn yet.} 15.f4 $6 b4 16.Nc4 Bc5 $3 {A fantastic resource $1} 17.Bxc5 Qxc5 18.Nd6+ Qxd6 19.Qxa6 Qc5 {and Black was much better in Cmor-Kodric, Ptuj 2014.} ) ( 14...b4 15.Nc4 $1 bxc3 16.Nxa5 cxb2+ 17.Kxb2 Bxf1 18.Rdxf1 {with good compensation for the pawn.} ) ( 14...Nc5 15.Bxc5 Bxc5 16.Rxg7 b4 17.Nc4 Qc7 $1 ( 17...bxc3 $2 18.Nxa5 cxb2+ 19.Kxb2 Bxf1 20.Rxd8+ Kxd8 21.Nb7+ Ke8 22.Nxc5 {with a clear advantage for White in Kuybokarov-Vakhidov, Penang 2016.} ) 18.Rxd8+ Qxd8 {with a complicated game.} ) 15.Nd5 $2 {Shirov doesn't resist a sacrifice, but this is not the best. He had two better moves.} ( 15.f4 $1 {is the most brutal. After} 15...c4 16.fxe5 Nxe5 17.Qf5 $1 {White is winning in all the lines.} 17...Nc6 ( 17...Bd6 18.Rxg7 cxb3 19.Qxf6 bxa2 20.Nxa2 Qxa2 21.Nb3 {with a decisive attack.} ) 18.Nd5 $1 Nxd5 19.exd5 Ne7 20.Qe5 $1 cxb3 21.Nxb3 Qxa2 22.d6 {winning.} ) ( 15.a4 $5 {is more positional, but also good.} 15...bxa4 ( 15...b4 16.Nb5 $18 ) ( 15...c4 16.axb5 $18 ) 16.Bc4 $16 {with a clear advantage.} ) 15...c4 16.Nxc4 bxc4 17.Bxc4 Bb7 $6 ( 17...Bxc4 {is better.} 18.Qxc4 Bd6 $1 {The only move to keep Black's position together.} ( 18...Nxd5 $2 19.Rxd5 Qb4 20.Qc7 {with a strong initiative.} ) 19.Rxg7 Nxd5 20.Rxd5 Qc7 21.Qxc7 Bxc7 22.Bxa7 {White has three pawns for the piece, but objectively Black has the advantage in this endgame.} ) 18.Bd2 ( 18.Nxf6+ $1 Nxf6 19.Bb5+ Nd7 20.Qc4 {with a dangerous initiative.} ) 18...Qc5 19.Bb4 Qc8 20.Ba5 ( 20.Nxf6+ {leads to a draw, but Shirov, naturally, wants more.} 20...Nxf6 21.Bb5+ Bc6 22.Rxd8+ Kxd8 23.Ba5+ Ke7 24.Bb4+ Kd8 $11 ) 20...Nxd5 $2 {White's compensation for the piece is too strong after this mistake} ( 20...Bxd5 $1 21.Bxd5 Be7 22.Bxd8 Bxd8 {and Black is holding. The computer evaluates this as 0.00, as always.} ) 21.Bxd5 Ba6 22.Qh3 Nb6 23.Qh5 $1 {Shirov conducts the initiative with his typical flair.} 23...Rd7 ( 23...Nxd5 24.Qxe5+ Qe6 25.Qd4 $1 Bb7 26.exd5 Rxd5 27.Qxa7 {with a decisive attack.} ) 24.Qxe5+ Re7 25.Qd4 ( 25.Qf4 $18 ) ( 25.Qd6 $18 ) 25...Nxd5 26.Qa4+ $1 ( 26.Qxd5 $6 {is not so clear.} 26...Rd7 27.Qe5+ Be7 ) 26...Qd7 $2 ( 26...Rd7 {was necessary, but White has a winning initiative after} 27.exd5 ) 27.Rxd5 $1 {Beautiful $1} ( 27.Rxd5 Qxa4 28.Rd8# ) 1-0

[Event "E Chess Olympiad 2022"]
[Site "Chess.com"]
[Date "2022.07.30"]
[Round "2"]
[White "Nisipeanu, Liviu Dieter"]
[Black "Sipila, Vilka"]
[Result "1-0"]
[WhiteElo "2642"]
[BlackElo "2416"]
[ECO "E56"]
[EventDate "2022.??.??"]
[Annotator "Rafael Leitão"]
[PlyCount "57"]
[Beauty "8251709854254"]
[EventType "team-tourn"]
[EventCountry "FID"]
[TimeControl "5400+30"]

{Nisipeanu is a great player, and his games are full of creative ideas. I once faced him in a dramatic match in the world championship in Las Vegas, 1999, when he eliminated me in the rapid tiebreaker.} 
1.d4 Nf6 2.c4 e6 3.Nc3 Bb4 4.e3 O-O 5.Bd3 d5 6.Nf3 {The old main move. 6.cxd5 and 6.a3 are very popular now.} 6...dxc4 {This move-order prevents White from capturing on d5 first.} ( 6...c5 7.cxd5 $1 {The critical move.} 7...exd5 8.dxc5 {with chances for both sides.} ) 7.Bxc4 c5 8.O-O Nc6 ( 8...cxd4 {is a reliable choice and leads to a very important position, not only to learn opening theory, but also to understand how to play positions with an isolated queen's pawn.} 9.exd4 b6 ) 9.a3 Ba5 10.Bd3 $5 ( 10.Qd3 {is the main move.} ) 10...h6 {Black plays a useful waiting move before deciding whether to take on d4.} ( 10...cxd4 11.exd4 {and now it's necessary to play 1...h6 anyway in order to avoid a pin with Bg5.} ) 11.h3 {White decides to play a useful waiting move.} 11...Re8 {A new move.} ( 11...Qe7 12.Qe2 Rd8 13.Rd1 e5 $1 14.dxe5 Nxe5 15.Nxe5 Qxe5 16.Bd2 Be6 {gave Black a good game in Meskovs-Banikas, Athens 2021.} ) ( 11...cxd4 {is also possible.} 12.exd4 Bc7 {with equal chances.} ) 12.dxc5 {Nisipeanu decides to force matters. He could keep the central tension with a move like} ( 12.Bc2 ) 12...Bxc3 13.bxc3 Qa5 {This is not the best, but the position is still fine.} ( 13...e5 $6 {seems logical to open the diagonal for the c8-bishop and to give some work for the e8-rook, but it's not enough to solve the problems after} 14.e4 {, for instance:} 14...Nd7 15.Be3 Qe7 16.Bb5 $1 Nxc5 17.Qd5 {with advantage for White.} ) ( 13...Nd7 $1 {is the best move. Black will take on c5 with the knight and has excellent chances to equalize.} ) 14.Qc2 Qxc5 15.a4 {A typical move, preparing to play Ba3.} 15...Na5 $2 {The first real mistake. Black is in trouble after this move. Let's remember again that \"a knight on the rim is dim.\"} ( 15...b6 $1 16.Ba3 Qh5 {and Black is ok.} ) 16.Ba3 Qc7 17.Rfd1 {Now White has the bishop's pair and better development.} 17...Nc4 $2 ( 17...Bd7 $2 18.Bd6 $1 {is very unpleasant.} ) ( 17...Rd8 {is the best chance, avoiding the Bd6 trick.} ) 18.Bxc4 Qxc4 19.Rd4 $1 Qa6 20.Ne5 {Now the c8-bishop is completely out of play. The presence of opposite colored bishops increases the strength of the attack.} 20...b6 21.Rad1 Bb7 {This loses after a pretty combination, but it's hard to suggest good moves for Black.} 22.Nxf7 $1 {Demolishing the king's position. The absence of the queen, far away from the kingside, is now felt.} 22...Kxf7 23.Rd7+ Nxd7 24.Rxd7+ Kf6 ( 24...Kg8 25.Qg6 {and mate is unavoidable.} ) 25.Qh7 $1 {I really enjoy long-range attacking moves.} 25...Rg8 26.Be7+ Kf7 ( 26...Ke5 27.f4# ) 27.Bh4+ {Sipila decides to play until checkmate is delivered, and we are grateful for his sportsmanship.} 27...Kf8 28.Qg6 Qxa4 29.Be7# {A more “accurate” checkmate than 29.Qf7, since in the game all the pieces are engaged and this is more aesthetically pleasing.} 1-0